 Dungeon Crawl Stone Soup version 0.21-a0-529-g8c7b3f5 (webtiles) character file.

141 slep the Chopper (level 5, 0/40 HPs)
             Began as a Barachi Gladiator on Dec 11, 2017.
             Slain by a gnoll
             ... wielding a +0 flail
              (7 damage)
             ... on level 3 of the Dungeon.
             The game lasted 00:06:44 (1707 turns).

slep the Chopper (Barachi Gladiator)                Turns: 1707, Time: 00:06:49

Health: 0/40       AC:  4    Str: 15    XL:     5   Next: 24%
Magic:  5/5        EV: 13    Int:  9    God:
Gold:   112        SH:  0    Dex: 14    Spells: 4/4 levels left

rFire    . . .     SeeInvis .   a - +0 war axe
rCold    . . .     Gourm    .   (no shield)
rNeg     . . .     Faith    .   b - +0 leather armour
rPois    .         Spirit   .   c - +0 helmet
rElec    .         Reflect  .   (no cloak)
rCorr    .         Harm     .   (no gloves)
MR       .....                  (no boots)
Stlth    +.........             (no amulet)
HPRegen  0.13/turn              (no ring)
MPRegen  0.09/turn              (no ring)

@: lethally poisoned (0 -> -2), slow
A: +LOS, swims, slowness 1, strong legs 1
a: Hop


You were on level 3 of the Dungeon.
You were not hungry.

You visited 1 branch of the dungeon, and saw 3 of its levels.

You collected 112 gold pieces.

Inventory:

Hand Weapons
 a - a +0 war axe (weapon)
Missiles
 d - 3 throwing nets (quivered)
 g - 11 tomahawks
Armour
 b - a +0 leather armour (worn)
 c - a +0 helmet (worn)
Scrolls
 e - a scroll of remove curse {unknown}
 i - 2 scrolls of fog {unknown}
 j - a scroll of magic mapping {unknown}
 k - 2 scrolls of teleportation {unknown}
 l - a scroll of amnesia {unknown}
 p - a scroll of enchant weapon {unknown}
 r - a scroll of immolation {unknown}
Potions
 q - 2 potions of might {unknown}
Comestibles
 f - 3 bread rations
 h - a meat ration
 m - 2 royal jellies


   Skills:
 + Level 2.8 Fighting
 + Level 5.2 Axes
 + Level 2.1 Throwing
 + Level 1.7 Armour
 + Level 3.8 Dodging
 + Level 0.5 Stealth


You had 4 spell levels left.
You didn't know any spells.

Dungeon Overview and Level Annotations

Branches:
Dungeon (3/15)

Altars:


Innate Abilities, Weirdness & Mutations

Shadows flee at your approach. (+LOS)
You can swim through water.
You cover ground slowly.
You can hop short distances.


Message History

The adder bites you but does no damage.
You hit the adder but do no damage. The adder bites you.
You are poisoned.
The adder poisons you! The adder closely misses you.
You slash the adder!
The adder is severely wounded.
You feel sick. The adder bites you but does no damage.
You slash the adder!
You kill the adder!
You feel sick.
You closely miss the gnoll.
The gnoll is moderately wounded.
The gnoll hits you but does no damage. The gnoll barely misses you.
You hit the gnoll.
The gnoll is severely wounded.
You feel sick.
The gnoll hits you from afar with a spear!
* * * LOW HITPOINT WARNING * * *
The gnoll hits you with a flail!
You die...

#...##
##########.....##.#
####.####
#..#####.#
#.......###
#†.#####.#
#.##.##.#.##
#........# #
#.......#
#..#######
####.#.#########..#
#.#.......)##..#
..########.....#
#### ##.ggg@..#.#
#...#####.## #...#
### #...# #...#
#.g.# #...# #...#
.....


You could see 3 gnolls.

Vanquished Creatures
  4 gnolls (D:3)
  3 adders
  4 oozes
  3 worms
  A dart slug (D:1)
  2 leopard geckos (D:2)
  2 giant cockroaches (D:1)
  6 goblins
  2 hobgoblins (D:1)
  4 jackals
  A quokka (D:3)
  A ball python (D:3)
  3 bats
  4 frilled lizards
  5 kobolds
  7 rats
52 creatures vanquished.

Notes
Turn   | Place    | Note
-------+----------+-------------------------------------------
     0 | D:1      | slep the Barachi Gladiator began the quest for the Orb.
     0 | D:1      | Reached XP level 1. HP: 17/17 MP: 1/1
   111 | D:1      | Reached XP level 2. HP: 15/23 MP: 2/2
   610 | D:2      | Reached XP level 3. HP: 28/28 MP: 3/3
   612 | D:2      | Reached skill level 4 in Axes
   814 | D:2      | HP: 1/42 [adder (2)]
   817 | D:2      | Reached skill level 1 in Armour
   817 | D:2      | Reached XP level 4. HP: 29/34 MP: 4/4
  1683 | D:3      | Reached skill level 5 in Axes
  1683 | D:3      | Reached XP level 5. HP: 21/40 MP: 5/5
  1707 | D:3      | Slain by a gnoll

Vault maps used:
D:1:      minmay_arrival_nine_rooms
D:3:      lemuel_doored_altar, hex_medium, minmay_ogre_servants

Skill      XL: |  1  2  3  4 |
---------------+-------------+-----
Axes           | 4 5 |  5.2
Armour         | 1 |  1.7
Fighting       | |  2.8
Throwing       | |  2.1
Dodging        | |  3.8
Stealth        | |  0.5

Action                   |  1- 3 |  4- 6 || total
-------------------------+-------+-------++-------
Melee: War axe           |    81 |    58 ||   139
  Use: Potion            |     3 |       ||     3
 Stab: Sleeping          |     1 |     1 ||     2
       Invisible         |     1 |       ||     1
  Eat: Chunk             |       |     3 ||     3
Armor: Leather armour    |    21 |    17 ||    38
       Skin              |     3 |       ||     3
Dodge: Dodged            |    57 |    43 ||   100

Table legend:
 A = Spawn XP
 B = Non-spawn XP
 C = Spawn XP percentage of total XP
 D = Spawn monster count
 E = Non-spawn monster count
 F = Spawn count percentage of total count
 G = Total turns spent on level
                    A         B        C        D         E        F      G
               +---------+---------+-------+---------+---------+-------+---------
         Total |       0 |     202 |   0.0 |       0 |      52 |   0.0 |  1707
               +---------+---------+-------+---------+---------+-------+---------
           D:1 |       0 |      33 |   0.0 |       0 |      16 |   0.0 |   606
           D:2 |       0 |      74 |   0.0 |       0 |      24 |   0.0 |   671
           D:3 |       0 |      95 |   0.0 |       0 |      12 |   0.0 |   430
               +---------+---------+-------+---------+---------+-------+---------
